 Dungeon Crawl Stone Soup version 0.29.1-15-g9cfb28693d (console) character file.

Game seed: 8744186798188550425

153 Goreval the Cudgeller (level 5, -4/53 HPs)
             Began as a Troll Berserker on Feb 27, 2023.
             Was a Believer of Trog.
             Slain by Eustachio
             ... wielding a +2 rapier of protection
              (12 damage)
             ... on level 4 of the Dungeon.
             The game lasted 00:07:43 (3302 turns).

Goreval the Cudgeller (Troll Berserker)             Turns: 3302, Time: 00:07:44

Health: -4/53      AC:  4    Str: 27    XL:     5   Next: 12%
Magic:  4/4        EV: 10    Int:  9    God:    Trog [**....]
Gold:   202        SH:  0    Dex:  9    Spells: 4/4 levels left

rFire   . . .      SeeInvis .   a - +0 mace
rCold   . . .      Faith    .   (no shield)
rNeg    . . .      Spirit   .   b - +0 animal skin
rPois   .          Reflect  .   (helmet restricted)
rElec   .          Harm     .   (no cloak)
rCorr   .          Rampage  .   (gloves unavailable)
Will    ++...                   (boots unavailable)
Stlth   +.........              (no amulet)
HPRegen 1.97/turn               d - +6 ring of intelligence
MPRegen 0.09/turn               (no ring)

@: strong-willed, on berserk cooldown, regenerating, slowed, very slow
A: large, unfitting armour, claws 3, regeneration 1, shaggy fur 1, tough skin 1
a: Renounce Religion, Berserk, Trog's Hand


You were on level 4 of the Dungeon.
You worshipped Trog.
Trog was pleased with you.
You visited 1 branch of the dungeon, and saw 4 of its levels.

You collected 202 gold pieces.

Inventory:

Hand Weapons
 a - a +0 mace (weapon)
Missiles
 n - 2 stones (quivered)
 p - 3 silver boomerangs
Armour
 b - a +0 animal skin (worn)
Jewellery
 d - a +6 ring of intelligence (left claw)
Wands
 g - a wand of digging (3)
Scrolls
 k - 3 scrolls of vulnerability {unknown}
 l - 5 scrolls of identify {unknown}
 o - a scroll of blinking {unknown}
 q - a scroll of teleportation {unknown}
Potions
 c - a potion of degeneration {unknown}
 e - 2 potions of curing {unknown}
 f - 2 potions of heal wounds {unknown}
 h - a potion of lignification {unknown}
 i - 2 potions of haste {unknown}
 j - a potion of ambrosia {unknown}
 m - 2 potions of might {unknown}


   Skills:
 + Level 3.1 Fighting
 * Level 4.1 Maces & Flails
 - Level 1.0 Throwing
 + Level 3.1 Dodging


You had 4 spell levels left.
You didn't know any spells.
Your spell library was empty.

Dungeon Overview and Level Annotations

Branches:
Dungeon (4/15) Zot: 20620
 Temple: D:4-7

Altars:

Annotations:
D:4 Eustachio


Innate Abilities, Weirdness & Mutations

You are too large for most types of armour.
You have claws for hands.
Your natural rate of healing is unusually fast.
You are covered in fur. (AC +1)
You have tough skin. (AC +1)


Message History

The crimson imp hits you but does no damage.
Eustachio mumbles some strange words.
Eustachio blinks!
The white imp gestures at you. The puff of frost hits you.
The crimson imp hits you but does no damage.
The white imp hits you. The white imp freezes you.
* * * LOW HITPOINT WARNING * * *
The white imp hits you.
* * * LOW HITPOINT WARNING * * *
The white imp freezes you.
* * * LOW HITPOINT WARNING * * *
You barely miss the white imp.
The crimson imp disappears in a puff of smoke!
Eustachio says, "My allies will avenge me."
Eustachio mumbles some strange words.
Eustachio blinks!
The white imp barely misses you.
The white imp hits you but does no damage.
You completely miss the white imp. The white imp barely misses you.
Eustachio casts a spell.
Eustachio blinks!
The white imp gestures at you. The puff of frost hits you!
* * * LOW HITPOINT WARNING * * *
You closely miss the white imp. The white imp misses you.
Eustachio barely misses you. The white imp gestures at you.
The puff of frost misses you.
You hit Eustachio but do no damage.
Eustachio gestures wildly while chanting.
The white imp closely misses you.
Eustachio hits you with a +2 rapier of protection!
* * * LOW HITPOINT WARNING * * *
The white imp barely misses you.
Your skin crawls.
You feel strong-willed.
The white imp disappears in a puff of smoke!
The bat closely misses you. The bat misses you.
The bat hits you but does no damage.
Eustachio hits you with a +2 rapier of protection!
You die...

### #.. #.#.###
#.#...# #. #.#...# #.
#.#<..# #. #.##..#
#.#####.##..# #####..
..#.##).# .....r.
#.#.##..#
#.....@##.#.....#.#
.......@r.......>....#
.####.b##########.##.#
..... .# ##.### # #


You could see Eustachio, a bat (summoned) and 2 rats.

Vanquished Creatures
  Ijyb (D:2)
  2 adders (D:3)
  2 worms (D:3)
  7 dart slugs
  5 orcs (D:3)
  7 endoplasms
  7 giant cockroaches
  5 goblins
  8 hobgoblins
  7 jackals
  3 quokkas
  8 ball pythons
  5 bats
  A frilled lizard (D:2)
  3 kobolds
  5 rats
76 creatures vanquished.

Vanquished Creatures (others)
  A plant (D:1)
1 creature vanquished.

Grand Total: 77 creatures vanquished

Notes
Turn   | Place    | Note
-------+----------+-------------------------------------------
     0 | D:1      | Goreval the Troll Berserker began the quest for the Orb.
     0 | D:1      | Reached XP level 1. HP: 22/22 MP: 0/0
   245 | D:1      | Reached skill level 3 in Maces & Flails
   249 | D:1      | Reached XP level 2. HP: 29/29 MP: 1/1
   430 | D:1      | Reached XP level 3. HP: 36/36 MP: 2/2
   485 | D:1      | Reached ** piety under Trog
  2156 | D:2      | Reached XP level 4. HP: 43/44 MP: 3/3
  2210 | D:2      | Found a faded altar of an unknown god.
  2400 | D:3      | Noticed Ijyb
  2433 | D:2      | Killed Ijyb
  2653 | D:3      | Reached skill level 4 in Maces & Flails
  2782 | D:3      | Reached XP level 5. HP: 53/53 MP: 4/4
  3018 | D:3      | Reached skill level 1 in Throwing
  3272 | D:4      | Noticed Eustachio
  3302 | D:4      | Slain by Eustachio

Illustrated notes

Levels and vault maps discovered:
D:1:      nzn_arrival_depleted_hourglass, layout_loops_ring, chequers_big_river,
          dreamdust_princess_corridor, minmay_heptomino_o4
D:2:      layout_basic, hellmonk_ecumenical_altar_prayer_group
D:3:      kb_forest_paths, layout_basic, minmay_strange_pillars,
          grunt_decor_arrowhead, uniq_ijyb
D:4:      minmay_recursive_quarters, layout_basic,
          mainiacjoe_overflow_tiny_flanked, uniq_blork_the_orc, uniq_eustachio,
          uniq_sigmund, uniq_robin

Skill      XL: |  1  2  3  4  5 |
---------------+----------------+-----
Maces & Flails | 3 4 |  4.1
Fighting       | 3 |  3.1
Dodging        | 3 |  3.1
Throwing       | 1 |  1.0

Action                   |  1- 3 |  4- 6 || total
-------------------------+-------+-------++-------
Melee: Mace              |   121 |   142 ||   263
       Punch             |       |     2 ||     2
Throw: Stone             |    23 |     9 ||    32
Invok: Berserk           |       |     2 ||     2
       Trog's Hand       |       |     1 ||     1
Armor: Animal skin       |    34 |    70 ||   104
Dodge: Dodged            |    64 |    91 ||   155
